[Event "XXII Obert Internacional d'Escacs Sant Marti 2022"]
[Site "Barcelona, Spain"]
[Date "2022.07.15"]
[Round "3.1"]
[White "Macak, Stefan"]
[Black "Asis Gargatagli, Hipolito"]
[Result "0-1"]
[TimeControl "1.30 fb 30"]
[WhiteElo "2363"]
[BlackElo "2514"]

1. e4 c5 2. Nf3 d6 3. d4 cxd4 4. Nxd4 Nf6 5. Nc3 a6 6. f3 e5 7. Nb3 Be6 8. Bg5 Nbd7 9. Qd2 Be7 10.
O-O-O b5 11. a3 Rc8 12. Kb1 Qc7 13. h4 O-O 14. g4 Nb6 15. Bxf6 Bxf6 16. g5 Be7 17. Nd5 Nxd5 18. exd5 Bf5 19.
Bd3 Bxd3 20. Qxd3 a5 21. Qxb5 Qxc2+ 22. Ka2 Rb8 23. Qa4 f6 24. Rc1 Qe2 25. f4 fxg5 26. Rhe1 Qg2 27. Qxa5 Rxb3 28.
Kxb3 Rb8+ 29. Kc4 Qxb2 30. Rc3 e4 31. Rxe4 Bf6 32. Rce3 Rc8+ 0-1

[Event "XXII Obert Internacional d'Escacs Sant Marti 2022"]
[Site "Barcelona, Spain"]
[Date "2022.07.15"]
[Round "3.2"]
[White "Perpinya Rofes, Lluis Maria"]
[Black "Pena Gomez, Manuel"]
[Result "0-1"]
[TimeControl "1.30 fb 30"]
[WhiteElo "2297"]
[BlackElo "2492"]

1. e4 c5 2. Nc3 Nc6 3. Nge2 e6 4. d4 cxd4 5. Nxd4 Qc7 6. Be2 a6 7. O-O Nf6 8. Kh1 Be7 9. f4 d6 10.
Be3 O-O 11. a4 Re8 12. Bd3 Nb4 13. Qf3 e5 14. fxe5 dxe5 15. Nf5 Bxf5 16. Qxf5 Rad8 17. Bg5 Qd7 18. Qf3 Qg4 19. Bxf6 Qxf3 20.
Rxf3 Bxf6 21. Raf1 Rd4 22. g4 h6 23. Ne2 Rd6 24. Ng3 Nxd3 25. cxd3 Red8 26. Rd1 Rb6 27. Nf5 Rd7 28. Rf2 Rb4 29. Nxh6+ gxh6 30. Rxf6 Rxe4 31.
Rxh6 Rxa4 32. Rh5 e4 33. Re1 exd3 34. Re8+ Kg7 35. Rg5+ Kf6 36. Rf5+ Kg6 37. Rg8+ Kh7 0-1

[Event "XXII Obert Internacional d'Escacs Sant Marti 2022"]
[Site "Barcelona, Spain"]
[Date "2022.07.15"]
[Round "3.3"]
[White "Aronyak, Ghosh"]
[Black "Millaret Lores, Francesc"]
[Result "1-0"]
[TimeControl "1.30 fb 30"]
[WhiteElo "2486"]
[BlackElo "2106"]

1. Nf3 Nf6 2. c4 e6 3. Nc3 d5 4. e3 Be7 5. b3 Nbd7 6. Bb2 c6 7. d4 b6 8. Bd3 Bb7 9. O-O O-O 10.
Qe2 Re8 11. Rfd1 Qc7 12. Rac1 Rad8 13. Bb1 Bf8 14. e4 dxe4 15. Nxe4 Nxe4 16. Qxe4 f5 17. Qc2 g6 18. Re1 Bg7 19.
c5 Qf4 20. b4 Nf6 21. Rcd1 Nd5 22. a3 Qc7 23. Ba2 Bf6 24. Bc1 Kg7 25. Bg5 h6 26. Bxf6+ Kxf6 27. Re5 Ba6 28. Rde1 Qc8 29.
h4 Nf4 30. Qd2 g5 31. hxg5+ hxg5 32. Nxg5 Kxg5 33. g3 Rxd4 34. Qxd4 Nd5 35. Bxd5 cxd5 36. Qe3+ Kf6 37. Qh6+ Kf7 38.
Qh5+ Kf6 39. Rxf5+ 1-0

[Event "XXII Obert Internacional d'Escacs Sant Marti 2022"]
[Site "Barcelona, Spain"]
[Date "2022.07.15"]
[Round "3.4"]
[White "Tanaka, Taira Tyler"]
[Black "Berdayes Ason, Dylan Isidro"]
[Result "0-1"]
[TimeControl "1.30 fb 30"]
[WhiteElo "2242"]
[BlackElo "2480"]

1. Nf3 d5 2. e3 Nf6 3. c4 e6 4. b3 c5 5. Bb2 Nc6 6. cxd5 exd5 7. Bb5 Bd6 8. O-O O-O 9. d4 cxd4 10. Bxc6 bxc6 11. Qxd4 c5 12. Qd3 Bb7 13. Nc3 Re8 14. Rfd1 Qe7 15. Qf5 a6 16. Rac1 Rad8 17. h3 h6 18. Qd3 d4 19. exd4 cxd4 20. Re1 dxc3 21. Rxe7 cxb2 22. Rxe8+ Nxe8 23. Qc2 bxc1=Q+ 24. Qxc1 Nf6 25. Qc4 Ne4 26. g4 Bc5 27. g5 hxg5 0-1

[Event "XXII Obert Internacional d'Escacs Sant Marti 2022"]
[Site "Barcelona, Spain"]
[Date "2022.07.15"]
[Round "3.5"]
[White "Kovchan, Alexander"]
[Black "Franco Valencia, Angela"]
[Result "1-0"]
[TimeControl "1.30 fb 30"]
[WhiteElo "2468"]
[BlackElo "2070"]

1. e4 e5 2. Nf3 Nc6 3. Bb5 a6 4. Ba4 Nge7 5. c3 g6 6. d4 exd4 7. cxd4 b5 8. Bc2 Bg7 9. d5 Na5 10.
Bd2 Bxb2 11. Bxa5 Bxa1 12. Nc3 Bb2 13. d6 Nc6 14. Nd5 O-O 15. Bxc7 Qe8 16. h4 h5 17. Kf1 Bg7 18. g4 Qe6 19.
gxh5 gxh5 20. Rg1 Qh3+ 21. Ke2 Kh8 22. Nf4 Nd4+ 23. Nxd4 Qxh4 24. Rxg7 Qxf4 25. Nf5 Re8 26. Rxf7 Rxe4+ 27. Bxe4 Qxe4+ 28. Ne3 Kg8 29. Rf5 1-0

[Event "XXII Obert Internacional d'Escacs Sant Marti 2022"]
[Site "Barcelona, Spain"]
[Date "2022.07.15"]
[Round "3.6"]
[White "Prats Safont, Sergi"]
[Black "Narciso Dublan, Marc"]
[Result "0-1"]
[TimeControl "1.30 fb 30"]
[WhiteElo "2206"]
[BlackElo "2461"]

1. e4 e6 2. d4 d5 3. Bd3 dxe4 4. Bxe4 Nf6 5. Bf3 c5 6. Ne2 Be7 7. O-O O-O 8. c4 Nc6 9. Be3 cxd4 10. Nxd4 Ne5 11. Be2 Qc7 12.
Nb5 Qb8 13. h3 Rd8 14. Qc2 Nc6 15. Rd1 Rxd1+ 16. Qxd1 e5 17. N5c3 Bf5 18. a3 Qc7 19. Nd5 Nxd5 20. cxd5 Nd4 21.
Nc3 Nc2 22. Nb5 Qd8 23. Rc1 Nxe3 24. fxe3 Qb6 25. Rc3 Rd8 26. Qf1 g6 27. Kh2 a6 28. g4 Bd7 29. d6 Bh4 30. Nc7 Qxb2 31.
Rd3 Bc6 32. Kg1 Be4 33. Nd5 Rxd6 34. Ne7+ Bxe7 35. Rxd6 Bxd6 36. Bc4 Kg7 37. Qxf7+ Kh6 38. Bf1 Bc5 39. g5+ Kxg5 40. h4+ Kh6 0-1

[Event "XXII Obert Internacional d'Escacs Sant Marti 2022"]
[Site "Barcelona, Spain"]
[Date "2022.07.15"]
[Round "3.7"]
[White "Kandic, Milan"]
[Black "Diermair, Andreas"]
[Result "0-1"]
[TimeControl "1.30 fb 30"]
[WhiteElo "2039"]
[BlackElo "2452"]

1. e4 c6 2. Nc3 d5 3. Nf3 Bg4 4. h3 Bxf3 5. Qxf3 e6 6. d3 Nd7 7. g3 Bb4 8. Bd2 d4 9. Nb1 Qb6 10.
Bg2 Bxd2+ 11. Nxd2 Qxb2 12. O-O Qb4 13. Nc4 b5 14. Rab1 Qc5 15. Na5 Qb6 16. Nc4 Qc7 17. Rxb5 cxb5 18.
e5 Nb6 19. Nd6+ Kf8 20. Qf4 Rd8 21. Nxb5 Qd7 22. Nd6 f5 23. Qxd4 Nc8 24. Rb1 Nxd6 25. exd6 Qxd6 26. Qxa7 Ne7 27.
Rb6 Qc5 28. Qa6 Qxc2 29. Rxe6 Qxd3 30. Qb7 Qd7 31. Qa6 Kf7 32. Rb6 Qd3 33. Qa7 Rd7 34. Qa5 Rhd8 35. Qe5 Rd6 36. Rb7 R8d7 37.
Rb8 Re6 0-1

[Event "XXII Obert Internacional d'Escacs Sant Marti 2022"]
[Site "Barcelona, Spain"]
[Date "2022.07.15"]
[Round "3.8"]
[White "Nambiar, Vivek"]
[Black "Valenzuela Gomez, Fernando"]
[Result "0-1"]
[TimeControl "1.30 fb 30"]
[WhiteElo "1870"]
[BlackElo "2373"]

1. Nf3 d5 2. c4 d4 3. g3 Nc6 4. Bg2 e5 5. d3 Bc5 6. O-O Nge7 7. Na3 Bxa3 8. bxa3 O-O 9. Rb1 Rb8 10.
a4 Bg4 11. h3 Bf5 12. Ba3 Re8 13. Nd2 b6 14. f4 exf4 15. Rxf4 Be6 16. Qf1 Ne5 17. a5 N7g6 18. axb6 axb6 19.
Rf2 c5 20. Bc1 Bc8 21. Ne4 Bb7 22. h4 h6 23. h5 Nf8 24. Bf4 Nfd7 25. Nd6 Bxg2 26. Qxg2 Rf8 27. Qe4 Ng4 28. Rf3 Ndf6 29.
Qf5 Ra8 30. Rb2 Qd7 31. Qxd7 Nxd7 32. Ne4 Ra6 33. Kg2 Rfa8 34. Kh3 Nge5 35. Rf1 Rxa2 36. Rfb1 Rxb2 37. Rxb2 Nc6 38. Bd2 Re8 39. g4 Nce5 40. Nd6 Re6 41.
Nf5 Nf6 42. g5 hxg5 43. Bxg5 Nxh5 44. Ne7+ Kh7 45. Nd5 f6 46. Bc1 Nd7 47. Kg4 Kg6 48. e3 Ne5+ 49. Kh4 Nxd3 50. Rg2+ Kh6 51.
Bd2 Re4+ 52. Kh3 dxe3 53. Bxe3+ Rxe3+ 54. Nxe3 Nhf4+ 55. Kg3 Nxg2 56. Kxg2 Ne5 0-1

[Event "XXII Obert Internacional d'Escacs Sant Marti 2022"]
[Site "Barcelona, Spain"]
[Date "2022.07.15"]
[Round "3.9"]
[White "Roshka, Yevgeniy"]
[Black "Kshatriya, Nitin Vekhande"]
[Result "1-0"]
[TimeControl "1.30 fb 30"]
[WhiteElo "2497"]
[BlackElo "1782"]

1. Nf3 Nf6 2. g3 g6 3. b3 Bg7 4. Bb2 O-O 5. Bg2 d6 6. d4 Nbd7 7. O-O c6 8. c4 Qc7 9. Nc3 Re8 10.
e4 e5 11. d5 c5 12. Ne1 Nf8 13. Nd3 h5 14. f4 exf4 15. gxf4 Ng4 16. Nb5 Qd8 17. Bxg7 Kxg7 18. Qd2 a6 19.
Nc3 f5 20. e5 dxe5 21. h3 e4 22. hxg4 exd3 23. g5 Qd6 24. Rae1 Bd7 25. Nd1 b5 26. Nb2 Re2 27. Rxe2 dxe2 28.
Qxe2 Re8 29. Qf2 Bc8 30. Nd3 Nd7 31. b4 bxc4 32. bxc5 Qb8 33. Qd4+ Kh7 34. Qxc4 Re2 35. d6 Qb5 36.
Qf7+ Kh8 37. Bd5 Nf6 38. Qxf6+ Kh7 39. Qf7+ Kh8 40. Qg8# 1-0

[Event "XXII Obert Internacional d'Escacs Sant Marti 2022"]
[Site "Barcelona, Spain"]
[Date "2022.07.15"]
[Round "3.10"]
[White "Greeshma, Anand Dhumal"]
[Black "Munoz, Miguel"]
[Result "0-1"]
[TimeControl "1.30 fb 30"]
[WhiteElo "1749"]
[BlackElo "2408"]

1. d4 Nf6 2. c4 g6 3. Nc3 Bg7 4. e4 O-O 5. Nf3 d6 6. Be2 e5 7. d5 a5 8. h3 Nh5 9. Be3 Nf4 10.
O-O Nxe2+ 11. Qxe2 f5 12. exf5 gxf5 13. Ne1 f4 14. Bd2 Bf5 15. Ne4 Qe8 16. Kh2 Qg6 17. f3 Nd7 18. Nd3 Nf6 19.
Nxf6+ Rxf6 20. Nf2 Qg3+ 21. Kh1 Rg6 22. Ne4 Qh4 23. Rac1 b6 24. b3 Kh8 25. a3 Rg8 26. Qe1 Qh5 27.
Qe2 Bf8 28. Rf2 Be7 29. Qf1 Bh4 30. Re2 Bxh3 31. gxh3 Rg1+ 32. Qxg1 Rxg1+ 33. Kxg1 Qxf3 34. Nc3 Qd3 35. Be1 f3 36.
Re4 Bxe1 37. Rexe1 Qd2 38. Ne2 Qe3+ 39.
Kf1 fxe2+ 40. Kg2 e4 41. Rb1 Kg7 42. Kh2 Qf2+ 43. Kh1 Kh6 44. Rg1 Kh5 45. b4 Kh4 46. Rbe1 Kxh3 0-1